 Dungeon Crawl Stone Soup version 0.27.1-35-g4d5d836560 (webtiles) character file.

Game seed: 5840132078366110576

125 Sharkman1231 the Magician (level 4, 0/24 HPs)
             Began as a Deep Elf Earth Elementalist on Mar 19, 2022.
             Slain by a centaur (6 damage)
             ... on level 3 of the Dungeon.
             The game lasted 00:02:16 (2951 turns).

Sharkman1231 the Magician (DEEE)                    Turns: 2951, Time: 00:02:17

Health: 0/24       AC:  2    Str:  5    XL:     4   Next: 82%
Magic:  12/12      EV: 13    Int: 20    God:
Gold:   57         SH:  0    Dex: 16    Spells: 7/11 levels left

rFire    . . .     SeeInvis .   d - +0 dagger
rCold    . . .     Faith    .   (no shield)
rNeg     . . .     Spirit   .   b - +0 robe
rPois    .         Reflect  .   (no helmet)
rElec    .         Harm     .   (no cloak)
rCorr    .         Rampage  .   (no gloves)
Will     .....                  (no boots)
Stlth    ++........             (no amulet)
HPRegen  0.08/turn              (no ring)
MPRegen  0.13/turn              (no ring)

@: no status effects
A: no striking features
a: no special abilities


You were on level 3 of the Dungeon.
You visited 1 branch of the dungeon, and saw 3 of its levels.

You collected 57 gold pieces.

Inventory:

Hand Weapons
 d - a +0 dagger (weapon)
Missiles
 c - 16 stones
Armour
 b - a +0 robe (worn)
Scrolls
 e - 2 scrolls of identify {unknown}
 f - a scroll of noise {unknown}
 i - a scroll of magic mapping {unknown}
 k - a scroll of enchant weapon {unknown}
 l - a scroll of enchant armour {unknown}
 m - 2 scrolls of blinking
Potions
 a - 2 potions of ambrosia {unknown}
 g - a potion of mutation {unknown}
 h - a potion of haste {unknown}
 j - 3 potions of curing {unknown}


   Skills:
 + Level 3.6 Dodging
 - Level 2.4 Stealth
 + Level 4.2 Spellcasting
 + Level 1.5 Conjurations
 - Level 2.0 Transmutations
 + Level 4.2 Earth Magic


You had 7 spell levels left.
You knew the following spells:

 Your Spells              Type           Power      Damage    Failure   Level
a - Sandblast             Erth           42%        2d11      2%          1
b - Stone Arrow           Conj/Erth      30%        3d8       12%         3

Your spell library contained the following spells:

 Spells                   Type           Power      Damage    Failure   Level
 Passwall                 Tmut/Erth      13%        N/A       5%          2
 Sting                    Tmut/Pois      32%        1d4       9%          1
 Poisonous Vapours        Pois/Air       8%         N/A       19%         2
 Dazzling Flash           Conj/Hex       14%        N/A       28%         3
 Petrify                  Tmut/Erth      16%        N/A       34%         4
 Swiftness                Air            4%         N/A       36%         3
 Olgreb's Toxic Radiance  Pois           4%         N/A       77%         4
 Agony                    Necr           4%         N/A       98%         5
 Silence                  Hex/Air        2%         N/A       98%         5
 Invisibility             Hex            2%         N/A       100%        6


Dungeon Overview and Level Annotations

Branches:
Dungeon (3/15)

Altars:
Nemelex Xobeh


Message History

Press: ? - help, Shift-Dir - straight line, f/p - hobgoblin
Aim: a hobgoblin (81% to hit)
The blast of sand hits the hobgoblin!
You kill the hobgoblin!
Unknown command.
j - 3 pink potions (gained 1);
l - a scroll labelled WANTICR SOPLO You now have 57 gold pieces (gained 12).
You see here a hobgoblin corpse.
m - 3 scrolls labelled XAAMPI RUIWO
There is a stone staircase leading down here.
Found an escape hatch in the floor.
Blink to where?
Press: ? - help, Dir - move target, f - you Are you sure you want to cancel this blink?
Okay, then.
As you read the scroll labelled XAAMPI RUIWO, it crumbles to dust.
It was a scroll of blinking.
There is an open door here.
There is an open door here.
A frilled lizard comes into view.
A frilled lizard is nearby!
A frilled lizard is nearby!
Casting: Sandblast (safe; 2% risk of failure)
Confirm with . or Enter, or press ? or * to list all spells.
Aiming: Sandblast (safe; 2% risk of failure)
Press: ? - help, Shift-Dir - straight line, f - frilled lizard
Aim: a frilled lizard (asleep, 100% to hit)
The blast of sand hits the frilled lizard!
You kill the frilled lizard!
You see here a frilled lizard corpse.
A centaur is nearby!
A centaur is nearby!
The centaur shoots an arrow.
The arrow hits you!
Ouch! That really hurt!
You start resting.
A centaur is nearby!
The centaur unwields a +0 shortbow.
The centaur hits you.
* * * LOW HITPOINT WARNING * * *
The centaur barely misses you. The centaur hits you.
You die...

...#....###.......##......>......
.†##............#.##.....#######.
..+.............#.##.....#.......
..##.......÷....#.##.....#...##..
..##................#....#...##..
..##...........##.#.#....##'###..
..# ..............#.#....'..###..
..# ###.....###c###.#....#.......
### #..... #.@.....#....#####.
#######.#.###..)... #.#..<.......
#.###.##.#### #............
###.........# #.###...... #.#
#...... #.####.####


You could see a centaur.

Vanquished Creatures
  A water moccasin skeleton (D:3)
  2 adders
  A worm (D:3)
  A dart slug (D:2)
  3 endoplasms
  4 giant cockroaches
  6 goblins
  11 hobgoblins
  2 kobolds (D:1)
  4 quokkas
  3 ball pythons
  6 bats
  6 frilled lizards
  2 rats
52 creatures vanquished.

Notes
Turn   | Place    | Note
-------+----------+-------------------------------------------
     0 | D:1      | Sharkman1231 the Deep Elf Earth Elementalist began the
                  | quest for the Orb.
     0 | D:1      | Reached XP level 1. HP: 10/10 MP: 6/6
   542 | D:1      | Reached XP level 2. HP: 15/15 MP: 6/8
  1300 | D:2      | Reached XP level 3. HP: 19/19 MP: 6/10
  1445 | D:2      | Learned a level 3 spell: Stone Arrow
  1606 | D:2      | Found a sparkling altar of Nemelex Xobeh.
  1683 | D:2      | Found a faded altar of an unknown god.
  2091 | D:3      | Noticed a centaur
  2410 | D:3      | Reached skill level 1 in Conjurations
  2410 | D:3      | Reached XP level 4. HP: 18/24 MP: 4/12
  2951 | D:3      | Slain by a centaur

Illustrated notes

Levels and vault maps discovered:
D:1:      eino_arrival_druids_welcome, layout_basic, minivault_26
D:2:      layout_loops_ring, hellmonk_ecumenical_altar_arch_garden, basic_altar
D:3:      layout_basic, chequers_serial_rivers_micro_a

Skill      XL: |  1  2  3 |
---------------+----------+-----
Dodging        | 3 |  3.6
Transmutations | 2 |  2.0
Spellcasting   | 4 |  4.2
Conjurations   | 1 |  1.5
Earth Magic    | 4 |  4.2
Stealth        | |  2.4

Action                   |  1- 3 |  4- 6 || total
-------------------------+-------+-------++-------
Melee: Dagger            |     6 |       ||     6
 Cast: Sandblast         |    62 |    12 ||    74
  Use: Scroll            |       |     1 ||     1
Armor: Robe              |     2 |       ||     2
Dodge: Dodged            |    17 |     1 ||    18
